 Dungeon Crawl Stone Soup version 0.28.0-53-g5a82cb258f (webtiles) character file.

Game seed: 15746611441745367953

65 protoss039 the Digger (level 3, -1/27 HPs)
             Began as a Demonspawn Earth Elementalist on June 1, 2022.
             Killed by nerve-wracking pain
             ... invoked by an orc priest
              (4 damage)
             ... on level 3 of the Dungeon.
             The game lasted 00:03:38 (3347 turns).

protoss039 the Digger (DsEE)                        Turns: 3347, Time: 00:03:40

Health: -1/27      AC:  4    Str:  8    XL:     3   Next: 94%
Magic:  3/6        EV: 11    Int: 18    God:
Gold:   73         SH:  0    Dex: 13    Spells: 3/6 levels left

rFire   . . .      SeeInvis .   a - +0 short sword
rCold   . . .      Faith    .   (no shield)
rNeg    . . .      Spirit   .   f - +0 leather armour
rPois   .          Reflect  .   (no helmet)
rElec   .          Harm     .   (no cloak)
rCorr   .          Rampage  .   j - +0 pair of gloves
Will    .....                   (no boots)
Stlth   ++........              (no amulet)
HPRegen 0.09/turn               (no ring)
MPRegen 0.10/turn               (no ring)

@: no status effects
A: claws 1, demonic magic 1
a: no special abilities


You were on level 3 of the Dungeon.
You visited 1 branch of the dungeon, and saw 3 of its levels.

You collected 73 gold pieces.

Inventory:

Hand Weapons
 a - a +0 short sword (weapon)
Missiles
 c - 36 stones
Armour
 f - a +0 leather armour (worn)
 j - a +0 pair of gloves (worn)
Scrolls
 b - a scroll of magic mapping {unknown}
 d - a scroll of acquirement {unknown}
 e - a scroll of teleportation {unknown}
 g - 2 scrolls of enchant weapon {unknown}
 h - a scroll of identify {unknown}
Potions
 i - 2 potions of invisibility {unknown}
 k - a potion of brilliance {unknown}


   Skills:
 * Level 2.2 Fighting
 + Level 1.1 Armour
 - Level 1.7 Dodging
 - Level 1.7 Stealth
 + Level 2.4 Spellcasting
 - Level 1.0 Transmutations
 + Level 3.0 Earth Magic


You had 3 spell levels left.
You knew the following spells:

 Your Spells              Type           Power      Damage    Failure   Level
a - Sandblast             Erth           26%        2d8       7%          1
b - Passwall              Tmut/Erth      7%         N/A       16%         2

Your spell library contained the following spells:

 Spells                   Type           Power      Damage    Failure   Level
 Corpse Rot               Necr/Air       4%         N/A       36%         2
 Poisonous Vapours        Pois/Air       4%         N/A       36%         2
 Stone Arrow              Conj/Erth      14%        3d7       36%         3
 Petrify                  Tmut/Erth      9%         N/A       71%         4


Dungeon Overview and Level Annotations

Branches:
Dungeon (3/15)

Altars:


Innate Abilities, Weirdness & Mutations

You have sharp fingernails.
Spells you cast may paralyse adjacent enemies.


Message History

Confirm with . or Enter, or press ? or * to list all spells.
Aiming: Sandblast (safe; 7% risk of failure)
Press: ? - help, Shift-Dir - straight line, f - orc priest
Aim: an orc priest, wielding a +0 dagger (79% to hit)
The blast of sand hits the orc priest.
The orc priest is lightly wounded.
Malevolent energies surge around you.
Unknown command.
Casting: Sandblast (safe; 7% risk of failure)
Confirm with . or Enter, or press ? or * to list all spells.
Aiming: Sandblast (safe; 7% risk of failure)
Press: ? - help, Shift-Dir - straight line, f/p - orc priest
Aim: an orc priest, wielding a +0 dagger (lightly wounded, 79% to hit)
The blast of sand hits the orc priest.
The orc priest is heavily wounded.
Malevolent energies surge around you. The bat misses you.
Unknown command.
Casting: Sandblast (safe; 7% risk of failure)
Confirm with . or Enter, or press ? or * to list all spells.
Aiming: Sandblast (safe; 7% risk of failure)
Press: ? - help, Shift-Dir - straight line, f/p - orc priest
Aim: an orc priest, wielding a +0 dagger (heavily wounded, 79% to hit)
Okay, then.
The bat completely misses you.
The orc priest mumbles some strange prayers to Beogh against you.
Beogh smites you!
* * * LOW HITPOINT WARNING * * *
The bat barely misses you. The bat closely misses you.
Casting: Sandblast (safe; 7% risk of failure)
Confirm with . or Enter, or press ? or * to list all spells.
Aiming: Sandblast (safe; 7% risk of failure)
Press: ? - help, Shift-Dir - straight line, f/p - orc priest
Aim: an orc priest, wielding a +0 dagger (heavily wounded, 79% to hit)
The blast of sand hits the bat!
You kill the bat!
Malevolent energies surge around you.
The orc priest invokes the aid of Beogh against you.
Pain shoots through your body!
You die...

#.# #.# #.# #.#
#.###.#
#.#########..##.##
## #......†...#.....
..
#.#######.###.#.##.#
#.######.## #.....#
#.......## ##o####
#..#####.## ##†##
#..# ##.###@## #..#
##.#.## #..# ##.##
##..# ### ##...####
#.......###########
#.#####.##.........
#.# #.##.########
#.# #...<#


You could see an orc priest.

Vanquished Creatures
  2 adders (D:2)
  2 worms (D:2)
  An orc (D:2)
  4 ball pythons
  3 bats
  3 endoplasms (D:1)
  2 giant cockroaches (D:1)
  2 goblins
  4 hobgoblins
  3 jackals (D:1)
  3 quokkas
  3 frilled lizards (D:1)
  5 kobolds
  3 rats
40 creatures vanquished.

Notes
Turn   | Place    | Note
-------+----------+-------------------------------------------
     0 | D:1      | protoss039 the Demonspawn Earth Elementalist began the
                  | quest for the Orb.
     0 | D:1      | Reached XP level 1. HP: 13/13 MP: 3/3
    20 | D:1      | Reached skill level 1 in Transmutations
   457 | D:1      | Gained mutation: Spells you cast may paralyse adjacent
                  | enemies. [demonic ancestry]
   457 | D:1      | Reached XP level 2. HP: 1/20 MP: 0/5
   873 | D:1      | Reached skill level 1 in Fighting
  1501 | D:1      | Found a faded altar of an unknown god.
  2015 | D:1      | Learned a level 2 spell: Passwall
  2121 | D:2      | Gained mutation: You have sharp fingernails. [demonic
                  | ancestry]
  2121 | D:2      | Reached XP level 3. HP: 24/26 MP: 4/6
  2202 | D:2      | Reached skill level 3 in Earth Magic
  2278 | D:2      | Reached skill level 1 in Armour
  3347 | D:3      | Killed from afar by an orc priest

Illustrated notes

Levels and vault maps discovered:
D:1:      psy_arrival_fountain, layout_basic,
          hellmonk_ecumenical_altar_pennies_from_heaven
D:2:      layout_basic, minmay_tromino_i4
D:3:      layout_loops_ring, kennysheep_crisscross

Skill      XL: |  1  2  3 |
---------------+----------+-----
Transmutations | 1 |  1.0
Fighting       | 1 2 |  2.2
Earth Magic    | 3 |  3.0
Armour         | 1 |  1.1
Dodging        | |  1.7
Stealth        | |  1.7
Spellcasting   | |  2.4

Action                   || total
-------------------------++-------
Melee: Short sword       ||   111
       Unarmed           ||     5
       Punch             ||     1
 Cast: Sandblast         ||    36
 Stab: Sleeping          ||     7
       Paralysed         ||     4
Armor: Robe              ||     8
       Leather armour    ||    21
Dodge: Dodged            ||    86
